Map: Abiogenesis LE

Players

Cabent - Winner!

  • Race: Terran Terran
  • League: Gold
  • Spawn Location: 11:00

fruitcake

  • Race: Terran Terran
  • Spawn Location: 5:00

VOD

Have the link to the VOD?

Description

Time

  • Played on: May 12, 2018, 9:26 a.m.
  • Length: 27:22
Show
View Real Time Build Order
Export as new Build Order

Cabent Terran - Winner!

Build Orders:  

Get SALT Encoding   

  12  0:03  SCV  
  13  0:15  SCV  
  14  0:21  Supply Depot  
  14  0:27  SCV  
  15  0:43  SCV  
  15  0:45  Barracks  
  16  0:55  SCV  
  17  0:58  Refinery  
  17  1:03  Supply Depot  
  17  1:14  SCV  
  17  1:18  Refinery  
  18  1:26  SCV  
  19  1:36  Marine  
  19  1:38  Barracks  
  19  1:39  SCV  
  21  1:51  SCV  
  22  2:00  Barracks Reactor  
  22  2:03  SCV  
  22  2:08  Supply Depot  
  24  2:15  SCV  
  24  2:27  SCV  
  24  2:28  Barracks Tech Lab  
  25  2:32  Factory  
  25  2:39  SCV  
  25  2:40  Supply Depot  
  26  2:52  Orbital Command  
  26  3:14  Barracks Tech Lab, Marine  
  26  3:15  Marine  
  28  3:28  Siege Tank  
  31  3:39  Bunker  
  31  3:51  SCV  
  32  3:56  Command Center  
  32  3:59  Starport  
  32  4:13  Marine  
  32  4:15  Siege Tank  
  36  4:30  Supply Depot  
  36  4:37  Factory  
  36  4:53  SCV  
  36  4:56  Supply Depot  
  36  4:57  Siege Tank  
  40  5:00  Starport Reactor  
  40  5:06  SCV  
  41  5:18  SCV  
  41  5:19  SCV  
  43  5:23  Factory Tech Lab  
  43  5:25  Liberator  
  43  5:28  Liberator  
  43  5:29  Supply Depot  
  43  5:30  SCV  
  43  5:31  SCV  
  45  5:43  SCV  
  52  6:03  SCV  
  53  6:06  Marine x2  
  55  6:11  Siege Tank  
  55  6:16  Siege Tank  
  61  6:22  SCV, Engineering Bay  
  61  6:24  Marine x2  
  64  6:31  Concussive Shells  
  64  6:34  SCV  
  64  6:37  Supply Depot  
  65  6:41  Medivac  
  67  6:51  SCV  
  67  6:52  SCV  
  69  6:56  Widow Mine x2  
  73  7:03  SCV  
  73  7:04  SCV  
  75  7:09  Sensor Tower  
  75  7:12  Missile Turret  
  72  7:56  SCV  
  73  8:03  Command Center  
  73  8:08  SCV  
  74  8:20  SCV  
  75  8:32  SCV  
  66  8:44  SCV  
  65  8:49  Command Center  
  65  8:56  SCV  
  65  9:00  Factory  
  65  9:01  Medivac x2  
  70  9:08  SCV, Marine, Starport  
  70  9:09  Marine  
  73  9:10  Missile Turret  
  73  9:13  Refinery  
  73  9:14  Refinery  
  73  9:22  SCV  
  75  9:26  Marine x2  
  75  9:27  Armory  
  75  9:28  Orbital Command  
  75  9:29  Missile Turret  
  76  9:34  SCV  
  77  9:44  Marine x2  
  79  9:46  SCV  
  79  9:49  Missile Turret  
  80  9:58  SCV  
  81  10:02  Factory Tech Lab  
  81  10:04  Widow Mine x2  
  85  10:07  Starport Tech Lab  
  85  10:09  Medivac x2  
  85  10:10  SCV  
  85  10:11  SCV, Missile Turret  
  91  10:15  Armory  
  91  10:16  SCV  
  92  10:22  SCV  
  92  10:23  SCV  
  92  10:25  Siege Tank x2  
  92  10:27  Armory  
  100  10:28  SCV  
  100  10:30  Drilling Claws  
  100  10:32  Missile Turret  
  100  10:35  SCV  
  102  10:36  SCV  
  102  10:38  Refinery  
  102  10:41  SCV, Refinery  
  102  10:42  Refinery  
  104  10:45  Refinery  
  104  10:47  SCV, Missile Turret  
  104  10:48  SCV  
  106  10:53  SCV  
  107  10:59  SCV  
  107  11:00  SCV  
  109  11:05  SCV  
  109  11:10  Raven  
  109  11:11  SCV  
  113  11:12  SCV, Missile Turret, Corvid Reactor  
  113  11:15  Terran Vehicle And Ship Armor Level 1  
  112  11:23  SCV  
  112  11:24  SCV  
  114  11:32  Missile Turret  
  114  11:36  SCV  
  115  11:44  Command Center  
  115  11:48  SCV  
  115  11:53  Siege Tank x2  
  122  12:00  SCV  
  123  12:10  Supply Depot  
  123  12:12  SCV  
  123  12:14  Liberator  
  124  12:32  SCV, Siege Tank  
  124  12:33  Supply Depot  
  131  12:37  Liberator  
  131  12:55  Siege Tank  
  131  12:57  Supply Depot  
  137  13:19  Supply Depot  
  113  13:38  Viking x2  
  110  14:03  SCV  
  110  14:07  SCV  
  110  14:08  Viking x2  
  116  14:10  Supply Depot, Refinery  
  116  14:15  SCV  
  117  14:19  SCV  
  118  14:26  Terran Vehicle And Ship Armor Level 2  
  118  14:27  SCV  
  118  14:29  Terran Vehicle Weapons Level 1  
  119  14:31  SCV  
  119  14:33  Thor x3  
  119  14:38  Viking x2  
  140  14:39  Marine x2, SCV  
  140  14:41  Factory  
  140  14:43  SCV  
  146  14:51  SCV  
  147  14:55  SCV  
  147  14:57  Marine x2  
  147  14:58  Refinery  
  150  15:00  Command Center  
  150  15:03  SCV  
  151  15:07  SCV  
  151  15:08  Viking x2  
  156  15:15  Marine x2, Thor x2  
  156  15:16  SCV, Thor  
  156  15:20  SCV  
  178  15:32  SCV  
  179  15:44  Supply Depot  
  179  16:06  Marine x2, SCV, Siege Tank  
  179  16:07  Factory Tech Lab, Supply Depot  
  185  16:11  Thor  
  185  16:12  Siege Tank  
  194  16:28  SCV  
  194  16:29  Refinery  
  194  16:30  Supply Depot  
  195  16:38  Siege Tank  
  198  16:40  SCV  
  199  16:52  SCV  
  199  16:54  Supply Depot  
  200  17:10  Siege Tank  
  143  17:59  Terran Vehicle And Ship Armor Level 3  
  143  18:00  Terran Vehicle Weapons Level 2  
  140  18:06  Armory  
  137  18:15  Factory  
  137  18:21  Orbital Command  
  128  18:37  Refinery  
  128  18:45  Cloaking Field  
  128  18:48  Raven  
  128  18:52  Starport  
  130  19:00  Factory Tech Lab  
  130  19:03  Starport  
  130  19:04  Viking x2  
  134  19:22  Siege Tank  
  135  19:25  Siege Tank x3  
  135  19:26  Siege Tank  
  147  19:31  Banshee  
  147  19:34  Viking x2  
  154  19:45  Terran Ship Weapons Level 1  
  154  19:50  Hi-Sec Auto Tracking  
  154  19:51  Engineering Bay  
  154  19:54  Siege Tank  
  154  19:57  Siege Tank  
  154  19:58  Siege Tank x2  
  166  20:04  Hyperflight Rotors  
  166  20:05  Starport Tech Lab  
  166  20:14  Banshee  
  166  20:20  Terran Infantry Armor Level 1  
  169  20:24  Ghost Academy  
  169  20:26  Siege Tank  
  172  20:36  Orbital Command  
  172  20:38  Banshee  
  172  20:40  Command Center  
  175  20:47  Terran Infantry Weapons Level 1  
  175  20:55  Ghost Academy  
  175  20:57  Banshee  
  175  21:03  Personal Cloaking  
  178  21:07  Ghost  
  180  21:14  Starport Tech Lab  
  180  21:17  Viking x2  
  184  21:21  Barracks Tech Lab, Banshee  
  187  21:28  Ghost Academy  
  187  21:35  Ghost  
  187  21:38  Banshee  
  187  21:39  Banshee  
  192  21:42  Terran Vehicle Weapons Level 3  
  192  21:43  Terran Ship Weapons Level 2  
  195  21:47  Nuke  
  195  22:04  Ghost, Banshee  
  200  22:21  Nuke  
  200  22:29  Nuke  
  200  22:47  Banshee  
  186  23:29  Banshee  
  143  25:05  Siege Tank x2  
  143  25:06  Siege Tank x3  
  156  25:37  Siege Tank  
  156  25:38  Siege Tank x4  
  168  26:10  Siege Tank x4  
  178  26:25  Orbital Command  
Show
View Real Time Build Order
Export as new Build Order

fruitcake Terran 

Build Orders:  

Get SALT Encoding   

  12  0:00  SCV  
  13  0:18  SCV, Supply Depot  
  14  0:30  SCV  
  14  0:32  Refinery  
  15  0:42  SCV  
  16  0:54  SCV  
  16  0:56  Barracks  
  17  1:06  SCV  
  18  1:17  Supply Depot  
  18  1:18  SCV  
  19  1:30  SCV  
  20  1:37  Barracks  
  20  1:42  SCV  
  20  1:43  Marine  
  22  1:53  Refinery  
  22  1:55  SCV  
  23  2:04  Engineering Bay, Supply Depot  
  23  2:10  Barracks Tech Lab  
  23  2:11  Barracks Reactor  
  23  2:20  SCV  
  24  2:34  Orbital Command  
  24  2:40  Barracks Tech Lab  
  24  2:47  Factory  
  24  2:48  Terran Infantry Weapons Level 1  
  24  2:54  Marine x2  
  26  3:06  Marine  
  26  3:12  Marine  
  28  3:14  Marine  
  28  3:18  Supply Depot  
  29  3:25  Marauder  
  31  3:29  Missile Turret  
  31  3:42  Marine x2  
  33  4:02  Barracks Tech Lab  
  33  4:06  Marine x2  
  35  4:17  Missile Turret  
  35  4:19  Missile Turret  
  35  4:23  Marine, Siege Tank  
  35  4:24  Marine  
  39  4:30  Stimpack  
  40  4:41  Marine  
  41  4:53  Terran Infantry Armor Level 1  
  41  4:55  Marine  
  42  5:02  Command Center  
  42  5:08  Marine  
  43  5:16  Siege Tank  
  46  5:26  SCV  
  47  5:32  Missile Turret  
  47  5:37  Supply Depot  
  47  5:41  Supply Depot  
  47  5:58  Marine  
  47  5:59  Siege Tank  
  51  6:04  Starport  
  51  6:10  Missile Turret  
  51  6:12  Refinery  
  51  6:19  Marine x2  
  53  6:25  Marine  
  53  6:31  Concussive Shells  
  54  6:33  SCV  
  54  6:34  SCV  
  54  6:37  Marine  
  57  6:41  Marine, Liberator  
  57  6:45  SCV  
  57  6:46  SCV  
  60  6:55  Armory  
  63  7:02  Marine  
  63  7:03  Marine  
  65  7:11  Marine  
  66  7:20  Marine  
  66  7:21  Marine  
  49  7:23  Liberator  
  38  7:38  Marine  
  38  7:39  Marine, Marauder  
  43  7:44  SCV  
  43  7:46  SCV  
  45  7:56  Marine, SCV  
  45  7:57  Marine  
  48  8:01  Marauder  
  50  8:08  SCV  
  50  8:12  Terran Vehicle Weapons Level 1  
  51  8:14  Marine x2  
  53  8:22  Marauder  
  55  8:32  Marine x2  
  53  8:43  Marine  
  54  8:50  Marine x2  
  54  8:55  SCV  
  57  9:01  Marauder  
  59  9:04  Refinery  
  59  9:07  SCV  
  60  9:14  Command Center  
  60  9:19  SCV  
  60  9:22  Sensor Tower  
  61  9:26  Medivac  
  61  9:30  Marine x2, Marauder  
  67  9:31  SCV  
  68  9:43  SCV  
  69  9:47  Marine  
  69  9:48  Marine  
  69  9:52  Marauder  
  72  9:56  Medivac  
  74  10:03  SCV  
  74  10:05  Marine x2  
  77  10:14  Starport  
  77  10:33  Missile Turret  
  77  10:46  Planetary Fortress  
  77  10:48  SCV x2  
  79  10:58  Marine  
  79  10:59  Marine, Refinery, Marauder  
  79  11:00  SCV  
  79  11:01  Starport Reactor x2  
  83  11:05  Thor  
  89  11:16  Marine x2  
  91  11:20  Marauder  
  93  11:27  Refinery  
  93  11:28  Missile Turret  
  93  11:34  SCV x3, Marine x2  
  93  11:36  Supply Depot  
  98  11:40  Supply Depot  
  98  11:42  Marauder  
  98  11:46  SCV  
  98  11:47  Supply Depot, Combat Shields  
  101  11:51  Liberator  
  101  11:58  Marine x2, SCV x2  
  105  12:03  Marauder  
  105  12:06  Viking  
  112  12:10  SCV  
  113  12:16  Factory  
  113  12:20  Terran Vehicle Weapons Level 2  
  113  12:22  SCV  
  114  12:25  Marauder  
  114  12:28  Sensor Tower  
  114  12:29  SCV  
  117  12:34  SCV  
  118  12:41  SCV  
  118  12:42  Thor  
  125  12:53  Supply Depot  
  125  13:14  SCV  
  126  13:36  Marine x2  
  126  13:37  Marauder  
  130  13:45  Thor  
  129  13:54  Marine x2  
  85  13:57  SCV  
  85  13:58  Marauder  
  83  14:07  Factory Tech Lab  
  83  14:12  Marine x2  
  83  14:15  Command Center  
  85  14:19  Marauder  
  87  14:28  Thor  
  87  14:29  SCV, Marine  
  87  14:30  Marine  
  96  14:36  SCV x2  
  98  14:41  SCV, Marauder  
  101  14:45  Thor  
  101  14:47  Marine x2, Terran Vehicle Weapons Level 3  
  101  14:48  SCV  
  110  14:53  SCV  
  111  15:02  Marauder  
  111  15:05  Marine x2, SCV, Terran Infantry Armor Level 2  
  116  15:11  Thor  
  122  15:17  SCV  
  122  15:20  Refinery  
  123  15:23  Marine x2, Marauder  
  123  15:24  Liberator  
  123  15:26  Liberator  
  123  15:27  Sensor Tower  
  123  15:28  Thor  
  127  15:29  SCV  
  134  15:37  Sensor Tower  
  134  15:38  Refinery  
  134  15:41  Marine x2, SCV  
  140  15:45  Marauder  
  140  15:48  Orbital Command  
  140  15:49  Sensor Tower  
  145  15:53  Planetary Fortress  
  145  15:58  Marine  
  145  15:59  Marine  
  147  16:10  Supply Depot  
  147  16:24  Reaper  
  148  16:30  Command Center  
  148  16:31  Thor  
  148  16:32  Marauder  
  156  16:51  Supply Depot  
  156  16:52  Supply Depot x2  
  156  16:54  Supply Depot  
  149  17:09  Marine x2, Marauder  
  149  17:11  Thor  
  149  17:14  Thor  
  150  17:24  Terran Vehicle And Ship Armor Level 1  
  150  17:26  Marine  
  148  17:31  Marauder  
  98  17:45  Marine x2  
  94  17:52  Marauder  
  94  17:54  Thor  
  94  17:57  Thor  
  98  18:03  Reaper  
  99  18:13  Marauder  
  101  18:28  Command Center  
  101  18:35  Marauder  
  101  18:37  Thor  
  101  18:40  Missile Turret, Hellbat  
  111  18:47  Refinery  
  111  19:01  Thor  
  115  19:19  Thor  
  121  19:27  Refinery  
  121  19:28  Marine, Refinery  
  121  19:29  Marine, Marauder  
  125  19:44  Thor  
  131  19:45  Marine  
  131  19:46  Marine  
  131  19:50  SCV x3  
  131  19:51  Marauder  
  138  19:54  Refinery  
  138  20:02  Thor  
  138  20:03  Marine  
  138  20:04  Marine  
  146  20:07  SCV  
  146  20:12  Marauder  
  149  20:19  SCV  
  150  20:21  Marine  
  150  20:22  Marine  
  150  20:27  Thor  
  159  20:30  Planetary Fortress  
  159  20:31  SCV  
  159  20:33  Marauder  
  161  20:35  Missile Turret  
  161  20:37  Missile Turret  
  161  20:43  SCV  
  161  20:45  Thor  
  168  20:50  Terran Vehicle And Ship Armor Level 2  
  168  20:55  SCV  
  169  21:07  SCV  
  169  21:09  Thor  
  176  21:12  Command Center  
  176  21:19  SCV  
  177  21:28  Thor  
  182  21:48  Marine x2  
  182  21:49  Marauder  
  182  21:52  Thor  
  192  21:58  Terran Infantry Weapons Level 2, Supply Depot  
  192  22:06  Marine x2  
  194  22:20  Thor  
  194  22:22  Supply Depot  
  200  22:27  Missile Turret  
  200  22:45  Supply Depot  
  200  22:46  Marauder  
  195  23:01  SCV x3  
  198  23:07  Marauder  
  200  23:15  Terran Vehicle And Ship Armor Level 3  
  198  23:53  Thor  
  169  24:31  Thor  
  169  24:36  Thor  
  54  25:11  SCV  
  55  25:14  Thor  
  55  25:19  Thor  
  67  25:23  SCV  
  68  25:35  Marine x2, SCV, Marauder  
  71  25:47  SCV  
  69  25:52  Marine  
  69  25:53  Marine  
  69  25:57  Marauder, Thor  
  73  26:02  Thor  
  85  26:04  Command Center  
  85  26:05  Command Center  
  85  26:10  Marine x2  
  84  26:13  Command Center  
  84  26:18  Marauder  
  71  26:28  Marine x2  
  70  26:39  Marine  
  66  26:46  Marine x2  
  80  26:57  Marine  
  81  27:04  Marine  
Tags
 
League
Gold
Matchup
TvT
Race
Terran
Spawn Locations
Cross Positions
Add a new tag
Caveats
  • Supply blocks, unpowered buildings, or Contaminate may cause inaccurate times.
  • Supply counts are checked every 10 seconds.